 Dungeon Crawl Stone Soup version 0.31.0-32-g396128a36d (webtiles) character file.

Game seed: 92471104513524275

257 Silvore the Covered (level 5, -3/48 HPs)
             Began as a Minotaur Fighter on Apr 11, 2024.
             Slain by Menkaure (17 damage)
             ... on level 4 of the Dungeon.
             The game lasted 00:02:19 (2316 turns).

Silvore the Covered (Minotaur Fighter)              Turns: 2316, Time: 00:02:19

Health: -3/48      AC:  8    Str: 22    XL:     5   Next: 93%
Magic:  4/4        EV:  9    Int:  5    God:
Gold:   99         SH:  4    Dex: 10    Spells: 4/4 levels left

rFire   . . .        a - +0 flail
rCold   . . .        c - +0 buckler
rNeg    . . .        b - +0 scale mail
rPois   .            (helmet restricted)
rElec   .            l - +0 cloak
rCorr   .            (no gloves)
SInv    .            (no boots)
Will    .....        (no amulet) Stlth
                     (no ring)
HPRegen 0.28/turn    (no ring)
MPRegen 0.09/turn

%: no passive effects
@: no status effects
A: horns 2, retaliatory headbutt
a: no special abilities


You were on level 4 of the Dungeon.
You visited 1 branch of the dungeon, and saw 4 of its levels.

You collected 99 gold pieces.

Inventory:

Hand Weapons
 a - a +0 flail (weapon)
Armour
 b - a +0 scale mail (worn)
 c - a +0 buckler (worn)
 l - a +0 cloak (worn)
Jewellery
 h - a +4 ring of slaying
Scrolls
 g - 5 scrolls of teleportation
 i - 2 scrolls of amnesia
Potions
 d - a potion of might
 e - a potion of lignification
 f - 4 potions of curing
 j - a potion of ambrosia {unknown}
 k - a potion of degeneration {unknown}


   Skills:
 + Level 5.1 Fighting
 + Level 4.5 Maces & Flails
 + Level 5.2 Armour
 + Level 0.3 Dodging
 + Level 0.2 Stealth
 + Level 4.4 Shields


You had 4 spell levels left.
You didn't know any spells.
Your spell library contained the following spells:

 Spells                   Type           Power      Damage    Failure   Level
 Lesser Beckoning         Tloc           0%         N/A       94%         2
 Gell's Gravitas          Tloc           0%         N/A       99%         3
 Teleport Other           Tloc           0%         N/A       99%         3


Dungeon Overview and Level Annotations

Branches:
Dungeon (4/15)
 Temple: D:4-7

Altars:
Gozag

Annotations:
D:4 Menkaure


Innate Abilities, Weirdness & Mutations

You have a pair of horns on your head.
You reflexively headbutt those who attack you in melee.


Message History

You see here a quokka corpse.
You see here a +0 cloak.
You start putting on your armour.
You continue putting on your +0 cloak. x4
You finish putting on your +0 cloak.
Okay, then.
You see here a +0 dagger.
There is a stone staircase leading down here.
You climb downwards.
Found a stone staircase leading up.
There is a stone staircase leading up here.
There is a stone staircase leading up here.
A kobold comes into view. It is wielding a +0 club.
The kobold shouts!
A kobold is nearby!
A kobold is nearby!
The kobold hits you but does no damage.
You completely miss the kobold. The kobold hits you but does no damage.
You barely miss the kobold. The kobold hits you with a +0 club.
Menkaure, Prince of Dust comes into view.
You barely miss the kobold.
Menkaure shouts!
The kobold hits you with a +0 club.
You closely miss the kobold. You headbutt the kobold.
You kill the kobold!
Things that are here:
a +0 club; a kobold corpse You barely miss Menkaure.
Your headbutt misses Menkaure.
Menkaure calls on the powers of darkness!
Your body is wracked with pain!
You barely miss Menkaure. Menkaure hits you!
* * * LOW HITPOINT WARNING * * *
Menkaure is nearby!
Menkaure is nearby!
You closely miss Menkaure. You headbutt Menkaure!
Menkaure is heavily damaged.
Menkaure hits you but does no damage.
You hit Menkaure but do no damage. You headbutt Menkaure!
Menkaure is almost destroyed.
Menkaure hits you!
You die...

...# .... ..#
..# #.# # #.#
#
#.##.######..#
#.......@M...#
####.######.##
#<# #.#
#.######.#
#.<......#
##########


You could see Menkaure.

Vanquished Creatures
  An ogre (D:3)
  2 orc priests (D:3)
  6 adders
  A ribbon worm (D:2)
  3 orcs (D:3)
  3 ball pythons
  5 endoplasms
  2 giant cockroaches (D:2)
  5 hobgoblins
  4 jackals (D:1)
  2 kobolds
  4 quokkas
  3 bats
  4 frilled lizards
  4 goblins
  13 rats
62 creatures vanquished.

Notes
Turn   | Place    | Note
-------+----------+-------------------------------------------
     0 | D:1      | Silvore the Minotaur Fighter began the quest for the Orb.
     0 | D:1      | Reached XP level 1. HP: 19/19 MP: 0/0
   606 | D:1      | Reached XP level 2. HP: 27/27 MP: 1/1
  1153 | D:2      | Reached XP level 3. HP: 32/33 MP: 2/2
  1457 | D:3      | Noticed an ogre
  1459 | D:3      | Killed an ogre
  1460 | D:3      | Reached XP level 4. HP: 41/41 MP: 3/3
  1460 | D:3      | Reached XP level 5. HP: 47/47 MP: 4/4
  1462 | D:3      | Reached skill level 5 in Armour
  1753 | D:3      | Found an opulent altar of Gozag.
  1966 | D:3      | Reached skill level 5 in Fighting
  2309 | D:4      | Noticed Menkaure
  2316 | D:4      | Slain by Menkaure

Illustrated notes

Levels and vault maps discovered:
D:1:      dpeg_arrival_arbitrary_a, layout_basic
D:2:      layout_rooms
D:3:      minmay_razor_zed, layout_loops_ring, grunt_gozag_statues,
          minmay_misc_feat_ornament, grunt_decor_fettered
D:4:      layout_loops_ring, serial_shops, shop, ebering_dispersal_statue_hall,
          kennysheep_orc_chapel, uniq_menkaure

Skill      XL: |  1  2  3  4  5 |
---------------+----------------+-----
Shields        | 4 |  4.4
Fighting       | 4 5 |  5.1
Armour         | 4 5 |  5.2
Maces & Flails | 3 4 |  4.5
Dodging        | |  0.3
Stealth        | |  0.2

Action                     |  1- 3 |  4- 6 || total
---------------------------+-------+-------++-------
  Melee: Flail             |    74 |    57 ||   131
         Headbutt          |     9 |     9 ||    18
    Use: Scroll            |     8 |       ||     8
 Armour: Scale mail        |    46 |    29 ||    75
  Dodge: Dodged            |    35 |    28 ||    63
  Block: Buckler           |    17 |    15 ||    32
